 Dungeon Crawl Stone Soup version 0.27-a0-334-g52645efa06 (webtiles) character file.

Game seed: 17153058239418656805

56 skwiii the Stinger (level 3, -6/31 HPs)
             Began as an Ogre Venom Mage on Feb 13, 2021.
             Mangled by a gnoll
             ... wielding a +0 flail
              (9 damage)
             ... on level 2 of the Dungeon.
             The game lasted 00:07:21 (2098 turns).

skwiii the Stinger (Ogre Venom Mage)                Turns: 2098, Time: 00:07:22

Health: -6/31      AC:  3    Str: 12    XL:     3   Next: 97%
Magic:  0/7        EV: 10    Int: 17    God:
Gold:   28         SH:  0    Dex:  9    Spells: 5/8 levels left

rFire    . . .     SeeInvis .   g - +0 club
rCold    . . .     Faith    .   (no shield)
rNeg     . . .     Spirit   .   a - +0 robe
rPois    .         Reflect  .   (helmet restricted)
rElec    .         Harm     .   (no cloak)
rCorr    .         Rampage  .   (gloves unavailable)
Will     .....                  (boots unavailable)
Stlth    ++........             (no amulet)
HPRegen  0.10/turn              (no ring)
MPRegen  0.10/turn              (no ring)

@: no status effects
A: large, unfitting armour, tough skin 1
a: no special abilities


You were on level 2 of the Dungeon.
You visited 1 branch of the dungeon, and saw 2 of its levels.

You collected 28 gold pieces.

Inventory:

Hand Weapons
 g - a +0 club (weapon)
 h - a +0 mace
Armour
 a - a +0 robe (worn)
Scrolls
 e - a scroll of fear {unknown}
 f - a scroll of teleportation {unknown}
Potions
 b - a potion of haste {unknown}
 c - a potion of mutation {unknown}
 d - a potion of heal wounds
 i - a potion of berserk rage {unknown}


   Skills:
 + Level 2.1 Dodging
 - Level 1.6 Stealth
 * Level 3.2 Spellcasting
 + Level 1.3 Transmutations
 + Level 0.1 Air Magic
 * Level 3.3 Poison Magic


You had 5 spell levels left.
You knew the following spells:

 Your Spells              Type           Power        Failure   Level
a - Sting                 Tmut/Pois      40%          7%          1
b - Poisonous Vapours     Pois/Air       16%          13%         2

Your spell library contained the following spells:

 Spells                   Type           Power        Failure   Level
 Ignite Poison            Fire/Tmut/Pois 8%           26%         3
 Mephitic Cloud           Conj/Pois/Air  6%           32%         3
 Olgreb's Toxic Radiance  Pois           14%          41%         4


Dungeon Overview and Level Annotations

Branches:
Dungeon (2/15)

Altars:

Annotations:
D:2 1 runed translucent door, Crazy Yiuf


Innate Abilities, Weirdness & Mutations

You are too large for most types of armour.
You have tough skin. (AC +1)


Message History

You are very lightly contaminated with residual magic.
Nothing appears to happen.
The gnoll shouts!
Casting: Poisonous Vapours (safe; 13% risk of failure)
Confirm with . or Enter, or press ? or * to list all spells.
You don't have enough magic to cast this spell.
Unknown command.
Casting: Poisonous Vapours (safe; 13% risk of failure)
Confirm with . or Enter, or press ? or * to list all spells.
You don't have enough magic to cast this spell.
Unknown command.
Your magical contamination has completely faded away.
Casting: Poisonous Vapours (safe; 13% risk of failure)
Confirm with . or Enter, or press ? or * to list all spells.
You don't have enough magic to cast this spell.
The gnoll hits you with a +0 flail!
Things that are here:
a +0 club; a glowing dark potion A gnoll comes into view.
It is wielding a +0 whip.
The gnoll shouts!
The gnoll barely misses you.
You hit the gnoll.
The gnoll is lightly wounded.
The gnoll misses you. The gnoll hits you with a +0 whip.
Casting: Poisonous Vapours (safe; 13% risk of failure)
Confirm with . or Enter, or press ? or * to list all spells.
Aiming: Poisonous Vapours (safe; 13% risk of failure)
Press: ? - help, Dir - move target, f/p - gnoll
Aim: a gnoll, wielding a +0 flail Poisonous vapours surround the gnoll!
The gnoll hits you with a +0 whip.
The gnoll is engulfed in poison gas.
The gnoll is poisoned.
The gnoll drinks a potion.
The gnoll is healed!
The gnoll barely misses you. The gnoll hits you with a +0 whip!
* * * LOW HITPOINT WARNING * * *
Things that are here:
a +0 club; an amethyst potion The gnoll throws a throwing net.
The throwing net barely misses you.
You see here a quokka skeleton.
The gnoll hits you with a +0 flail!
You die...

############.....
#............###.
#...<.....#### #.
#.........# ♣.
#.........# ♣.
#.........# ♣♣
#...()....##. ♣.
#####.........<..# ♣♣
#...@............# ♣
#.###g........#### ♣
#<###g.##.##.##
#####............#
###........).#.#########
#
..............)....)...#
#
..........####.###...###
#
...........###<###.#####
#..........)...........#


You could see 2 gnolls.

Vanquished Creatures
  A gnoll (D:2)
  2 adders (D:2)
  2 dart slugs (D:1)
  A leopard gecko (D:1)
  A giant cockroach (D:1)
  3 goblins
  4 hobgoblins
  A quokka (D:2)
  A ball python (D:2)
  2 bats (D:1)
  A frilled lizard (D:1)
  3 kobolds
  A rat (D:1)
23 creatures vanquished.

Notes
Turn   | Place    | Note
-------+----------+-------------------------------------------
     0 | D:1      | skwiii the Ogre Venom Mage began the quest for the Orb.
     0 | D:1      | Reached XP level 1. HP: 16/16 MP: 3/3
   139 | D:1      | Reached skill level 1 in Transmutations
   269 | D:1      | Reached XP level 2. HP: 23/24 MP: 2/5
   596 | D:1      | Learned a level 2 spell: Poisonous Vapours
  1534 | D:2      | Reached XP level 3. HP: 31/31 MP: 1/7
  1910 | D:2      | Found a runed translucent door.
  1911 | D:2      | Noticed Crazy Yiuf
  2098 | D:2      | Mangled by a gnoll

Illustrated notes

Levels and vault maps discovered:
D:1:      dpeg_arrival_stone_temple_mockup, layout_loops_ring
D:2:      layout_rooms, chequers_serial_rivers_small_3, lemuel_altar_in_water,
          uniq_crazy_yiuf_cottage, uniq_sigmund, uniq_terence

Skill      XL: |  1  2 |
---------------+-------+-----
Transmutations | 1 |  1.3
Poison Magic   | 3 |  3.3
Dodging        | 2 |  2.1
Spellcasting   | 3 |  3.2
Stealth        | |  1.6
Air Magic      | |  0.1

Action                   || total
-------------------------++-------
Melee: Unarmed           ||    12
       Club              ||     1
 Cast: Sting             ||    28
       Poisonous Vapours ||     8
  Use: Potion            ||     1
Armor: Robe              ||     6
Dodge: Dodged            ||    21

Table legend: (Time is in decaauts)
 A = Elapsed time spent in this place.
 B = Non-inter-level travel time spent in this place.
 C = Inter-level travel time spent in this place.
 D = Time resting spent in this place.
 E = Time spent auto-exploring this place.
 F = Levels seen in this place.
 G = Mean time per level.
                   A        B        C        D        E       F      G
               +--------+--------+--------+--------+--------+-----+--------+
         Total |   2097 |   2086 |     11 |   1112 |    267 |   2 | 1048.5 |
       Dungeon |   2097 |   2086 |     11 |   1112 |    267 |   2 | 1048.5 |
               +--------+--------+--------+--------+--------+-----+--------+

Top non-repeatable levels by time:
     D:1: 1529 daAuts
     D:2: 568 daAuts
